 Dungeon Crawl Stone Soup version 0.31.0-9-g3a7656b989 (webtiles) character file.

Game seed: 4976000437257433873

157 Eitelfritz the Chopper (level 5, 0/34 (47) HPs)
             Began as a Hill Orc Fighter on Jan 26, 2024.
             Slain by an orc wizard
             ... wielding a +2 dagger of draining
              (6 damage)
             ... on level 3 of the Dungeon.
             The game lasted 00:03:01 (2156 turns).

Eitelfritz the Chopper (Hill Orc Fighter)           Turns: 2156, Time: 00:03:02

HP:   0/34 (47)     AC:  7    Str: 21    XL:     5   Next: 38%
MP:   5/5           EV:  9    Int:  8    God:
Gold: 147           SH:  4    Dex: 10    Spells: 4/4 levels left

rFire   . . .        a - +0 war axe
rCold   . . .        c - +0 buckler
rNeg    . . .        b - +0 scale mail
rPois   .            (no helmet)
rElec   .            (no cloak)
rCorr   .            (no gloves)
SInv    .            (no boots)
Will    .....        (no amulet) Stlth
                     (no ring)
HPRegen 0.25/turn    (no ring)
MPRegen 0.09/turn

%: no passive effects
@: mighty, very heavily drained
A: no striking features
a: no special abilities


You were on level 3 of the Dungeon.
You visited 1 branch of the dungeon, and saw 3 of its levels.

You collected 147 gold pieces.

Inventory:

Hand Weapons
 a - a +0 war axe (weapon)
Missiles
 n - 6 poisoned darts (quivered)
Armour
 b - a +0 scale mail (worn)
 c - a +0 buckler (worn)
 p - a +0 plate armour
Jewellery
 e - an amulet of faith
 f - a ring of ice
 r - an amulet of magic regeneration
Wands
 s - a wand of digging (6)
Scrolls
 g - 3 scrolls of teleportation {unknown}
 h - 2 scrolls of fog {unknown}
 i - 2 scrolls of amnesia {unknown}
 j - a scroll of immolation {unknown}
 l - 2 scrolls of summoning {unknown}
 q - a scroll of enchant armour {unknown}
Potions
 k - a potion of haste {unknown}
 m - a potion of magic {unknown}


   Skills:
 + Level 4.4 Fighting
 + Level 4.9 Axes
 + Level 4.4 Armour
 + Level 3.8 Shields


You had 4 spell levels left.
You didn't know any spells.
Your spell library contained the following spells:

 Spells                   Type           Power      Damage    Failure   Level
 Dazzling Flash           Conj/Hex       0%         N/A       99%         3
 Mephitic Cloud           Conj/Alch/Air  0%         N/A       99%         3
 Curse of Agony           Necr           0%         N/A       100%        5
 Silence                  Hex/Air        0%         N/A       100%        5


Dungeon Overview and Level Annotations

Branches:
Dungeon (3/15)

Altars:


Message History

You hear some strange, mumbled words.
A magic dart appears from out of thin air!
The magic dart hits you!
* * * LOW HITPOINT WARNING * * *
The orc barely misses you.
You barely miss the orc. You barely miss something.
Something hits you but does no damage.
You feel drained. You block the orc's attack.
You hear some strange, mumbled words.
A magic dart appears from out of thin air!
The magic dart hits you.
* * * LOW HITPOINT WARNING * * *
The orc closely misses you.
It was a potion of curing.
You feel better. Something hits you but does no damage.
You feel drained. The orc misses you.
You feel very mighty all of a sudden. Something hits you but does no damage.
You feel drained. The orc hits you with a +0 short sword.
You miss something. You closely miss the orc.
You hear some strange, mumbled words.
Something tries to affect you, but you resist.
You block the orc's attack.
You miss something. You slash the orc!
You kill the orc!
You block something's attack.
You closely miss something.
You hear some strange, mumbled words.
A magic dart appears from out of thin air!
The magic dart hits you!
* * * LOW HITPOINT WARNING * * *
Something hits you.
* * * LOW HITPOINT WARNING * * *
You feel drained.
* * * LOW HITPOINT WARNING * * *
You feel better. Something hits you.
* * * LOW HITPOINT WARNING * * *
You feel drained.
* * * LOW HITPOINT WARNING * * *
You miss something. Something hits you.
You die...

#.# #.#
#.# #.#
#.# #.#
#.#
#{#######.
#@))..)...
##########


There were no monsters in sight!

Vanquished Creatures
  An iguana (D:3)
  6 adders
  2 gnolls (D:3)
  3 dart slugs
  3 orcs (D:3)
  2 endoplasms
  4 giant cockroaches
  4 goblins
  4 hobgoblins
  3 jackals (D:1)
  6 kobolds
  2 quokkas (D:1)
  4 ball pythons
  4 bats
  2 rats
50 creatures vanquished.

Notes
Turn   | Place    | Note
-------+----------+-------------------------------------------
     0 | D:1      | Eitelfritz the Hill Orc Fighter began the quest for the
                  | Orb.
     0 | D:1      | Reached XP level 1. HP: 19/19 MP: 1/1
    41 | D:1      | Reached XP level 2. HP: 8/27 MP: 2/2
   517 | D:1      | Reached XP level 3. HP: 29/33 MP: 3/3
   525 | D:1      | Found a faded altar of an unknown god.
  1015 | D:2      | Reached XP level 4. HP: 22/40 MP: 4/4
  1841 | D:3      | Reached XP level 5. HP: 46/46 MP: 5/5
  2156 | D:3      | Slain by an orc wizard

Illustrated notes

Levels and vault maps discovered:
D:1:      ncdulo_wetmaze, layout_basic, basic_ecumenical_altar,
          minmay_pentomino_u2
D:2:      layout_rooms, serial_corexii_hall, chequers_hall_statues_corner_a,
          chequers_hall_statues_corner_a, minmay_misc_feat_nine_boxes, hex_large
D:3:      layout_loops_ring, corexii_leaking_fountain

Skill      XL: |  1  2  3 |
---------------+----------+-----
Fighting       | 4 |  4.4
Armour         | 4 |  4.4
Axes           | 4 |  4.9
Shields        | |  3.8

Action                     |  1- 3 |  4- 6 || total
---------------------------+-------+-------++-------
  Melee: War axe           |    78 |    96 ||   174
    Use: Potion            |       |     3 ||     3
 Armour: Scale mail        |    81 |    77 ||   158
  Dodge: Dodged            |    48 |    44 ||    92
  Block: Buckler           |    29 |    24 ||    53
